Map: Lightshade LE

Players

Nice

  • Race: Protoss Protoss

Has - Winner!

  • Race: Protoss Protoss

Event: DreamHack SC2 Masters 2021 Fall

VOD

Have the link to the VOD?

Description

Time

  • Played on: July 31, 2021, 10:27 a.m.
  • Length: 13:34

All games in this series

Show
View Real Time Build Order
Export as new Build Order

Nice Protoss 

Build Orders: Oracle Opening 

Get SALT Encoding   

  12  0:00  Probe  
  13  0:12  Probe  
  14  0:18  Pylon  
  14  0:24  Probe (Chrono Boost)  
  15  0:38  Gateway, Probe (Chrono Boost)  
  16  0:42  Probe (Chrono Boost)  
  16  0:46  Assimilator  
  17  0:53  Probe (Chrono Boost)  
  17  0:55  Assimilator  
  18  1:05  Probe (Chrono Boost)  
  18  1:08  Gateway  
  19  1:13  Probe (Chrono Boost)  
  20  1:20  Probe  
  21  1:26  Cybernetics Core  
  21  1:32  Probe  
  22  1:37  Pylon  
  22  1:44  Probe  
  23  1:53  Pylon  
  23  2:04  Adept x2  
  27  2:11  Stargate  
  28  2:19  Pylon  
  28  2:22  Probe  
  28  2:26  Warp Gate  
  28  2:38  Adept  
  28  2:40  Adept  
  28  2:43  Probe  
  33  2:54  Oracle (Chrono Boost)  
  36  3:02  Shield Battery  
  34  3:08  Probe  
  35  3:21  Oracle (Chrono Boost)  
  38  3:29  Shield Battery  
  33  3:46  Probe  
  33  3:47  Stalker x2  
  38  4:15  Probe (Chrono Boost)  
  36  4:22  Twilight Council  
  34  4:24  Nexus  
  34  4:26  Probe (Chrono Boost)  
  34  4:30  Probe (Chrono Boost)  
  34  4:34  Stalker  
  37  4:41  Stalker, Probe  
  40  4:53  Blink (Chrono Boost), Probe  
  41  5:05  Probe  
  42  5:09  Stalker x2  
  46  5:17  Probe  
  47  5:22  Forge  
  47  5:33  Shield Battery  
  47  5:35  Probe  
  47  5:36  Probe  
  47  5:41  Sentry x2  
  53  5:47  Pylon  
  53  5:48  Probe  
  54  5:50  Probe  
  54  5:56  Pylon  
  55  6:00  Probe  
  56  6:08  Probe  
  56  6:09  Photon Cannon  
  56  6:10  Protoss Ground Weapons Level 1 (Chrono Boost)  
  57  6:19  Stalker x2  
  61  6:31  Shield Battery  
  61  6:32  Shield Battery  
  61  6:34  Shield Battery  
  61  6:36  Pylon  
  61  6:42  Stalker x2  
  56  7:00  Probe x2  
  46  7:09  Stalker  
  46  7:10  Stalker  
  46  7:12  Probe x2  
  44  7:20  Gateway  
  44  7:23  Gateway  
  44  7:24  Probe x2  
  46  7:34  Stalker x2  
  46  7:36  Probe x2  
  50  7:41  Assimilator  
  50  7:43  Robotics Facility  
  49  7:48  Probe  
  49  7:49  Assimilator  
  50  8:00  Sentry  
  50  8:03  Adept  
  54  8:08  Gateway  
  54  8:10  Probe  
  54  8:11  Gateway  
  55  8:14  Pylon  
  55  8:16  Protoss Ground Weapons Level 2 (Chrono Boost)  
  55  8:28  Pylon  
  55  8:29  Stalker  
  55  8:32  Observer (Chrono Boost)  
  55  8:45  Immortal (Chrono Boost)  
  57  8:56  Dark Shrine  
  57  9:04  Stalker  
  57  9:06  Nexus  
  59  9:15  Stalker x2  
  59  9:16  Pylon  
  63  9:20  Immortal (Chrono Boost)  
  67  9:27  Pylon  
  67  9:40  Stalker x3  
  67  9:45  Pylon  
  73  9:53  Immortal (Chrono Boost)  
  76  10:03  Probe  
  77  10:10  Dark Templar  
  79  10:16  Dark Templar  
  81  10:21  Pylon  
  80  10:30  Dark Templar  
  80  10:31  Probe  
  83  10:37  Stalker x2  
  83  10:40  Pylon  
  83  10:41  Stalker  
  88  10:59  Sentry  
  88  11:00  Sentry  
  90  11:06  Stalker  
  90  11:09  Nexus  
  93  11:11  Pylon  
  92  11:20  Stalker  
  91  11:32  Stalker x2  
  83  11:43  Stalker  
  83  11:44  Stalker  
  84  11:49  Stalker x2  
  86  11:56  Stalker  
  88  12:03  Probe x2  
  88  12:04  Stalker  
  92  12:14  Stalker  
  94  12:18  Shield Battery  
  94  12:25  Pylon  
  94  12:42  Immortal (Chrono Boost)  
  98  12:46  Stalker x2  
  98  12:57  Stalker  
  100  12:59  Stalker  
  102  13:10  Stalker x2  
Show
View Real Time Build Order
Export as new Build Order

Has Protoss - Winner!

Build Orders: Phoenix Opening 

Get SALT Encoding   

  12  0:00  Probe  
  13  0:12  Probe  
  14  0:17  Pylon  
  14  0:24  Probe (Chrono Boost)  
  16  0:36  Probe (Chrono Boost)  
  16  0:38  Gateway  
  16  0:43  Probe (Chrono Boost)  
  16  0:45  Assimilator  
  17  0:50  Probe  
  17  0:54  Assimilator  
  18  1:03  Probe (Chrono Boost)  
  19  1:07  Gateway  
  19  1:13  Probe (Chrono Boost)  
  19  1:18  Probe (Chrono Boost)  
  21  1:25  Cybernetics Core  
  21  1:29  Probe  
  22  1:34  Pylon  
  22  1:41  Probe  
  23  1:53  Probe  
  24  2:01  Adept  
  24  2:02  Adept, Warp Gate  
  24  2:08  Pylon  
  28  2:10  Probe  
  30  2:24  Pylon  
  29  2:31  Adept  
  29  2:32  Adept  
  33  2:39  Probe  
  33  2:40  Stargate  
  34  2:49  Shield Battery  
  34  2:51  Probe  
  36  3:21  Nexus  
  36  3:22  Phoenix (Chrono Boost)  
  34  3:33  Probe  
  35  3:38  Phoenix  
  38  3:54  Stalker  
  39  3:56  Pylon  
  39  4:02  Robotics Facility  
  39  4:06  Probe  
  36  4:17  Pylon  
  36  4:22  Phoenix  
  38  4:25  Probe  
  38  4:29  Sentry  
  41  4:34  Probe  
  43  4:47  Immortal (Chrono Boost)  
  43  4:52  Probe  
  47  5:00  Gateway  
  47  5:03  Probe  
  48  5:08  Probe  
  48  5:09  Sentry  
  51  5:20  Warp Prism (Chrono Boost)  
  54  5:32  Stalker  
  54  5:34  Stalker  
  57  5:40  Probe x2  
  57  5:42  Immortal (Chrono Boost)  
  59  5:47  Pylon  
  59  6:00  Probe  
  59  6:01  Probe  
  61  6:09  Stalker  
  61  6:10  Observer, Stalker x2  
  68  6:26  Probe x2  
  70  6:34  Stalker x2  
  70  6:36  Zealot  
  74  6:41  Probe  
  73  6:50  Probe  
  73  6:53  Probe  
  67  7:02  Probe  
  67  7:04  Immortal (Chrono Boost)  
  67  7:05  Probe (Chrono Boost)  
  65  7:14  Probe (Chrono Boost)  
  66  7:18  Probe (Chrono Boost)  
  66  7:19  Assimilator  
  66  7:21  Assimilator  
  67  7:22  Twilight Council  
  67  7:24  Gateway  
  67  7:25  Gateway, Probe (Chrono Boost)  
  67  7:26  Probe (Chrono Boost)  
  67  7:29  Gateway, Probe (Chrono Boost)  
  69  7:30  Gateway  
  69  7:32  Probe  
  69  7:35  Observer  
  71  7:42  Stalker x2  
  71  7:43  Stalker  
  77  7:47  Gateway  
  77  7:49  Forge  
  77  7:50  Observer  
  77  7:52  Blink (Chrono Boost)  
  77  8:04  Nexus  
  77  8:07  Pylon  
  77  8:10  Observer  
  77  8:14  Probe  
  77  8:16  Protoss Ground Weapons Level 1 (Chrono Boost), Pylon  
  78  8:23  Dark Shrine  
  78  8:25  Observer  
  79  8:28  Probe x2  
  79  8:31  Observer  
  79  8:42  Stalker x2  
  79  8:43  Stalker  
  79  8:45  Stalker  
  86  8:57  Stalker x2  
  86  8:59  Stalker  
  86  9:02  Pylon  
  92  9:06  Stalker  
  94  9:10  Photon Cannon  
  94  9:17  Stalker  
  94  9:18  Stalker  
  101  9:28  Photon Cannon  
  101  9:29  Probe  
  101  9:39  Photon Cannon, Probe x2 (Chrono Boost)  
  101  9:41  Probe (Chrono Boost)  
  102  9:55  Stalker x3  
  102  9:57  Warp Prism (Chrono Boost)  
  108  10:04  Protoss Ground Weapons Level 2 (Chrono Boost)  
  110  10:09  Stalker x2  
  114  10:16  Shield Battery  
  114  10:19  Pylon  
  114  10:33  Dark Templar  
  116  10:36  Pylon  
  116  10:38  Pylon  
  116  10:40  Pylon  
  116  10:46  Probe  
  116  10:50  Shield Battery  
  116  10:56  Stalker x6  
  126  11:05  Dark Templar  
  126  11:09  Pylon  
  128  11:19  Stalker x5  
  128  11:37  Stalker x3  
  128  11:49  Stalker x2  
  128  11:50  Stalker x3  
  136  12:14  Nexus, Stalker x4  
  136  12:15  Pylon  
  140  12:18  Pylon  
  140  12:22  Stalker  
  142  12:31  Stalker x3  
  148  12:41  Probe x3  
  151  13:02  Probe x2  
  149  13:08  Stalker x6  

Tags
 
Add a new tag
Caveats
  • Supply blocks, unpowered buildings, or Contaminate may cause inaccurate times.
  • Supply counts are checked every 10 seconds.